 Dungeon Crawl Stone Soup version 0.31-a0-214-gb37851dbb3 (webtiles) character file.

Game seed: 6298197906013397074

146 qw the Shooter (level 5, -7/30 HPs)
             Began as a Gargoyle Hexslinger on July 1, 2023.
             Killed from afar by an orc wizard (9 damage)
             ... with a puff of flame
             ... on level 3 of the Dungeon.
             The game lasted 00:00:47 (1668 turns).

qw the Shooter (Gargoyle Hexslinger)                Turns: 1668, Time: 00:00:48

Health: -7/30      AC:  7    Str: 15    XL:     5   Next: 28%
Magic:  6/6        EV: 11    Int: 13    God:
Gold:   137        SH:  0    Dex: 14    Spells: 5/6 levels left

rFire   . . .        Y - +1 sling
rCold   . . .        (no shield)
rNeg    + + .        h - +0 leather armour
rPois   inf          (no helmet)
rElec   +            (no cloak)
rCorr   .            (no gloves)
SInv    .            (no boots)
Will    .....        k - amulet of Pusm {Faith Str+3}
Stlth   +            j - ring of positive energy
HPRegen 0.25/turn    (no ring)
MPRegen 0.10/turn

%: faith
@: no status effects
A: sickness immunity, AC +4, negative energy resistance 1, electricity
resistance, torment resistance 1, petrification resistance
a: no special abilities


You were on level 3 of the Dungeon.
You visited 1 branch of the dungeon, and saw 3 of its levels.

You collected 137 gold pieces.


Innate Abilities, Weirdness & Mutations

You are immune to sickness and miasma.
Your stone body is resilient. (AC +4)
You are immune to poison.
You resist negative energy. (rN+)
You are resistant to electric shocks. (rElec)
You are resistant to unholy torment.
You are immune to petrification.


   Skills:
 + Level 2.0 Fighting
 - Level 5.0 Ranged Weapons
 - Level 1.5 Dodging
 - Level 1.0 Spellcasting
 - Level 2.6 Hexes


You had 5 spell levels left.
You knew the following spells:

 Your Spells              Type           Power      Damage    Failure   Level
a - Slow                  Hex            28%        N/A       12%         1

Your spell library contained the following spells:

 Spells                   Type           Power      Damage    Failure   Level
 Inner Flame              Hex/Fire       4%         N/A       52%         3
 Portal Projectile        Hex/Tloc       8%         N/A       52%         3
 Cause Fear               Hex            3%         N/A       75%         4

Inventory:

Hand Weapons
 Y - a +1 sling (weapon)
Armour
 h - a +0 leather armour (worn)
Jewellery
 a - an amulet of magic regeneration
 j - a ring of positive energy (left hand)
 k - the amulet of Pusm (around neck) {Faith Str+3}
   (You found it on level 2 of the Dungeon)

   [amulet of faith]

   It allows you to gain divine favour quickly.
   Str:       It affects your strength (+3).
Scrolls
 b - 3 scrolls of identify
Potions
 e - a potion of haste
 f - a potion of curing {unknown}
 g - a potion of attraction {unknown}

Dungeon Overview and Level Annotations

Branches:
Dungeon (3/15)

Altars:


Message History

The orc priest looks braver for a moment.
The orc wizard barely misses you. The orc hits you with a +0 flail.
The orc priest hits you with a +0 club.
The orc wizard hits you with a +0 dagger.
The orc closely misses you.
1662 ||| DRINKING potion of heal wounds.
You feel much better. The orc hits you but does no damage.
The orc wizard hits you but does no damage.
The orc priest misses you.
You shoot a sling bullet.
The sling bullet barely misses the orc priest.
The orc priest hits you but does no damage.
The orc hits you with a +0 flail.
The orc wizard gestures at you while chanting.
The puff of flame hits you!
You shoot a sling bullet.
The sling bullet closely misses the orc priest.
The orc priest calls down the wrath of Beogh upon you.
Pain shoots through your body! The orc wizard barely misses you.
The orc hits you with a +0 flail.
You shoot a sling bullet. The sling bullet hits the orc priest.
You kill the orc priest!
The orc hits you with a +0 flail. The orc wizard closely misses you.
Your Ranged Weapons skill increases to level 5!
You shoot a sling bullet.
The sling bullet barely misses the orc wizard.
The orc hits you with a +0 club. The orc wizard barely misses you.
The orc hits you but does no damage.
You shoot a sling bullet.
The sling bullet barely misses the orc wizard.
The orc hits you but does no damage. The orc wizard misses you.
The orc barely misses you.
You shoot a sling bullet.
The sling bullet hits the orc wizard but does no damage.
The orc hits you but does no damage. The orc wizard barely misses you.
The orc hits you but does no damage. The orc wizard casts a spell at you.
The puff of flame hits you!
You die...

#..[........#
#...........#
#...........#
#...........# .##
#...#'###'### ....
#...#(##..#
.....######...#.##.##
#...=.oo......#.##.#
.....oo@......#.##.#
......####....#.##.#
..... ####.#.#..#
..!. #.#...## ...
#..>### .. ##### .


You could see an orc wizard and 3 orcs.

Vanquished Creatures
  An orc priest (D:3)
  Ijyb (D:3)
  4 adders (D:2)
  A worm (D:2)
  A dart slug (D:1)
  3 bats (D:2)
  6 endoplasms
  4 giant cockroaches
  8 goblins
  5 hobgoblins
  5 kobolds
  3 quokkas
  A ball python (D:1)
  4 frilled lizards
  2 rats
49 creatures vanquished.

Notes
Turn   | Place    | Note
-------+----------+-------------------------------------------
     0 | D:1      | qw the Gargoyle Hexslinger began the quest for the Orb.
     0 | D:1      | Reached XP level 1. HP: 12/12 MP: 2/2
     0 | D:1      | 0 ||| qw: Version: 0.3-a-32-g5962c71
     0 | D:1      | 0 ||| qw: Game counter: 7362
     0 | D:1      | 0 ||| qw: Melee chars always use a shield: true
     0 | D:1      | 0 ||| qw: God list: Okawaru
     0 | D:1      | 0 ||| qw: Allow faded altars: false
     0 | D:1      | 0 ||| qw: Do Orc after clearing Dungeon:15 true
     0 | D:1      | 0 ||| qw: Do second Lair branch before Depths: true
     0 | D:1      | 0 ||| qw: Lair rune preference: random
     0 | D:1      | 0 ||| qw: Goals: Normal
     0 | D:1      | 0 ||| PLANNING D:1-11
    80 | D:1      | 80 ||| FLEEEEING.
    81 | D:1      | 81 ||| FLEEEEING.
   110 | D:1      | HP: 2/12 [quokka (2)]
   171 | D:1      | Reached XP level 2. HP: 16/16 MP: 3/3
   245 | D:1      | Reached skill level 3 in Ranged Weapons
   567 | D:1      | Reached XP level 3. HP: 21/21 MP: 4/4
   627 | D:1      | 627 ||| READING scroll labelled ANWAVO WAOZE.
   628 | D:1      | 628 ||| READING scroll labelled PILEVVARIN.
   629 | D:1      | 629 ||| DROPPING scroll of poison.
   695 | D:2      | 695 ||| FLEEEEING.
   696 | D:2      | 696 ||| FLEEEEING.
   698 | D:2      | 698 ||| FLEEEEING.
   699 | D:2      | 699 ||| FLEEEEING.
   700 | D:2      | 700 ||| FLEEEEING.
   701 | D:2      | 701 ||| FLEEEEING.
   702 | D:2      | 702 ||| FLEEEEING.
   703 | D:2      | 703 ||| FLEEEEING.
   704 | D:2      | 704 ||| FLEEEEING.
   705 | D:2      | 705 ||| FLEEEEING.
   706 | D:2      | 706 ||| FLEEEEING.
   707 | D:2      | 707 ||| FLEEEEING.
   708 | D:2      | 708 ||| FLEEEEING.
   709 | D:2      | 709 ||| FLEEEEING.
   710 | D:2      | 710 ||| FLEEEEING.
   711 | D:2      | 711 ||| FLEEEEING.
   712 | D:2      | 712 ||| FLEEEEING.
   713 | D:2      | 713 ||| FLEEEEING.
   909 | D:2      | Reached XP level 4. HP: 26/26 MP: 5/5
  1057 | D:2      | Reached skill level 4 in Ranged Weapons
  1429 | D:2      | Identified the amulet of Pusm {Faith Str+3}
  1516 | D:2      | 1516 ||| UPGRADING to +0 leather armour.
  1526 | D:2      | 1526 ||| DROPPING +0 robe.
  1527 | D:2      | 1527 ||| UPGRADING to amulet of Pusm {Faith Str+3}.
  1532 | D:2      | 1532 ||| UPGRADING to ring of positive energy.
  1533 | D:2      | 1533 ||| READING scroll labelled FEMMUFE QAATAJ.
  1534 | D:2      | 1534 ||| DRINKING 2 grey potions.
  1535 | D:2      | 1535 ||| DRINKING 2 puce potions.
  1536 | D:2      | 1536 ||| READING 2 scrolls of identify.
  1536 | D:2      | 1536 ||| IDENTIFYING emerald potion
  1537 | D:2      | 1537 ||| DROPPING potion of invisibility.
  1645 | D:3      | Noticed Ijyb
  1656 | D:3      | Killed Ijyb
  1657 | D:3      | Reached XP level 5. HP: 16/30 MP: 6/6
  1661 | D:3      | HP: 7/30 [orc priest/+0 club (1)]
  1662 | D:3      | 1662 ||| DRINKING potion of heal wounds.
  1666 | D:3      | Reached skill level 5 in Ranged Weapons
  1666 | D:3      | HP: 2/30 [orc/+0 club (3)]
  1668 | D:3      | Killed from afar by an orc wizard

Levels and vault maps discovered:
D:1:      nagdon_arrival_double_spiral, layout_basic
D:2:      layout_loops_ring, minmay_misc_feat_four_crosses
D:3:      layout_basic, grunt_decor_mini_mirrors, corexii_leaking_fountain,
          uniq_ijyb

Skill      XL: |  1  2  3  4  5 |
---------------+----------------+-----
Ranged Weapons | 3 4 5 |  5.0
Fighting       | 2 |  2.0
Dodging        | |  1.5
Spellcasting   | |  1.0
Hexes          | |  2.6

Action                     |  1- 3 |  4- 6 || total
---------------------------+-------+-------++-------
   Fire: Sling             |   123 |    67 ||   190
    Use: Scroll            |     2 |     2 ||     4
         Potion            |       |     3 ||     3
 Armour: Robe              |    18 |     6 ||    24
         Leather armour    |       |    11 ||    11
  Dodge: Dodged            |    33 |    34 ||    67

Table legend:
 A = Non-vault XP
 B = Vault XP
 C = Vault XP percentage of total XP
 D = Non-vault monster count
 E = Vault monster count
 F = Vault count percentage of total count
                 A         B        C        D         E       F
            +---------+---------+-------+---------+---------+-------
      Total |     173 |      36 |  17.2 |      48 |       1 |   2.0
            +---------+---------+-------+---------+---------+-------
        D:1 |      35 |       0 |   0.0 |      19 |       0 |   0.0
        D:2 |      93 |       0 |   0.0 |      26 |       0 |   0.0
        D:3 |      45 |      36 |  44.4 |       3 |       1 |  25.0
            +---------+---------+-------+---------+---------+-------
